Map: Automaton LE

Players

Odin - Winner!

  • Race: Protoss Protoss
  • League: Platinum
  • Spawn Location: 3:00

Sergio

  • Race: Terran Terran
  • League: Platinum
  • Spawn Location: 9:00

VOD

Have the link to the VOD?

Description

Time

  • Played on: Dec. 21, 2018, 10:01 a.m.
  • Length: 11:21
Show
View Real Time Build Order
Export as new Build Order

Odin Protoss - Winner!

Build Orders:  

Get SALT Encoding   

  12  0:01  Probe  
  13  0:09  Probe  
  14  0:19  Pylon  
  14  0:44  Gateway  
  14  0:58  Pylon  
  14  1:00  Gateway  
  14  1:04  Assimilator  
  14  1:11  Pylon  
  14  1:12  Probe  
  15  1:22  Probe  
  15  1:32  Probe  
  16  1:33  Assimilator  
  16  1:36  Assimilator  
  17  1:48  Cybernetics Core  
  17  1:49  Probe  
  18  1:58  Probe  
  18  2:06  Probe  
  20  2:15  Probe  
  21  2:24  Warp Gate  
  21  2:25  Adept x2  
  21  2:27  Probe  
  26  2:44  Shield Battery  
  26  3:12  Adept x2  
  30  3:23  Probe  
  31  3:47  Pylon  
  31  4:19  Robotics Facility  
  31  4:30  Probe  
  32  4:32  Stalker x2  
  36  4:42  Probe  
  35  5:32  Immortal  
  31  5:59  Probe  
  32  6:08  Nexus  
  32  6:11  Probe, Assimilator  
  33  6:15  Stargate  
  33  6:16  Assimilator  
  33  6:18  Pylon  
  33  6:20  Pylon  
  33  6:21  Pylon  
  33  6:22  Gateway, Pylon  
  33  6:23  Pylon  
  33  6:25  Gateway  
  33  6:31  Warp Prism  
  35  6:43  Stargate  
  35  6:47  Sentry x2  
  39  7:05  Gateway x2  
  39  7:07  Probe  
  40  7:21  Observer  
  39  8:09  Stalker x5  
  39  8:10  Stalker  
  39  8:12  Probe  
  51  8:13  Probe  
  51  8:14  Oracle  
  56  8:20  Probe  
  56  8:21  Probe  
  58  8:29  Probe  
  58  8:32  Probe  
  59  8:37  Probe  
  61  8:52  Immortal  
  65  9:06  Probe  
  65  9:09  Oracle x2  
  72  9:10  Probe  
  72  9:15  Stalker x4  
  81  9:26  Twilight Council  
  81  10:02  Probe  
  81  10:03  Probe  
  83  10:10  Immortal  
  87  10:17  Stalker x3  
  93  10:25  Pylon  
  93  10:26  Pylon  
  93  10:27  Pylon  
  93  10:41  Assimilator  
  93  10:44  Nexus  
  93  10:46  Pylon  
  93  10:47  Assimilator  
  93  11:12  Stalker x5  
Show
View Real Time Build Order
Export as new Build Order

Sergio Terran 

Build Orders:  

Get SALT Encoding   

  12  0:04  SCV  
  13  0:17  SCV  
  14  0:21  Supply Depot  
  14  0:29  SCV  
  15  0:43  SCV  
  15  0:44  Supply Depot  
  15  0:49  Refinery  
  16  1:11  Barracks  
  16  1:13  Barracks  
  16  1:28  SCV  
  17  1:40  SCV  
  18  1:51  Supply Depot  
  18  1:53  SCV  
  19  1:59  Marine  
  19  2:00  Marine  
  21  2:14  SCV  
  22  2:17  Marine  
  22  2:18  Marine  
  24  2:34  Bunker  
  24  2:36  Bunker  
  24  2:42  Marine x2  
  23  3:00  Marine x2  
  21  3:30  Refinery  
  21  3:31  Factory  
  21  3:33  SCV  
  22  3:45  SCV  
  23  3:57  SCV  
  24  4:09  SCV  
  23  4:17  Factory Tech Lab  
  22  4:35  Siege Tank  
  25  4:44  Starport  
  25  4:50  Bunker  
  19  5:27  Marine  
  19  5:28  Marine  
  21  5:30  Siege Tank  
  20  6:02  SCV  
  21  6:04  Starport Tech Lab  
  21  6:14  SCV  
  22  6:26  SCV  
  23  6:33  Liberator  
  23  6:39  SCV  
  24  6:51  SCV  
  28  6:55  Marine x2  
  30  7:03  SCV  
  31  7:13  Barracks Tech Lab x2  
  31  7:25  Supply Depot  
  31  7:30  SCV  
  26  7:42  SCV  
  21  8:06  SCV  
  21  8:12  Siege Tank  
  25  8:18  SCV  
  26  8:20  Marauder  
  26  8:21  Marauder  
  30  8:30  SCV  
  30  8:32  Command Center  
  31  8:34  Supply Depot  
  31  8:45  Fusion Core  
  31  8:56  Marauder x2  
  35  9:18  Marauder x2  
  39  9:33  Supply Depot  
  39  9:38  SCV  
  34  9:49  Battlecruiser  
  34  9:52  SCV  
  38  9:59  SCV  
  39  10:11  Marine  
  39  10:12  Marine  
  41  10:18  SCV  
  42  10:29  SCV  
  42  10:30  SCV  
  43  10:43  SCV  
Tags
 
Add a new tag
Caveats
  • Supply blocks, unpowered buildings, or Contaminate may cause inaccurate times.
  • Supply counts are checked every 10 seconds.